 Dungeon Crawl Stone Soup version 0.28.0-53-g5a82cb258f (webtiles) character file.

Game seed: 10799105986902021658

59 pkoi the Shield-Bearer (level 3, -2/30 HPs)
             Began as a Demigod Fighter on June 2, 2022.
             Slain by an adder (4 damage)
             ... on level 1 of the Dungeon.
             The game lasted 00:01:40 (1732 turns).

pkoi the Shield-Bearer (Demigod Fighter)            Turns: 1732, Time: 00:01:40

Health: -2/30      AC:  6    Str: 17    XL:     3   Next: 54%
Magic:  5/5        EV:  9    Int: 14    God:
Gold:   58         SH:  4    Dex: 13    Spells: 2/2 levels left

rFire   . . .      SeeInvis .   d - +0 whip
rCold   . . .      Faith    .   b - +0 buckler
rNeg    . . .      Spirit   .   a - +0 scale mail
rPois   .          Reflect  .   (no helmet)
rElec   .          Harm     .   (no cloak)
rCorr   .          Rampage  .   (no gloves)
Will    .....                   (no boots)
Stlth   ..........              (no amulet)
HPRegen 0.10/turn               (no ring)
MPRegen 0.09/turn               (no ring)

@: no status effects
A: high MP 1, forlorn, divine attributes
a: no special abilities


You were on level 1 of the Dungeon.
You visited 1 branch of the dungeon, and saw 2 of its levels.

You collected 58 gold pieces.

Inventory:

Hand Weapons
 d - a +0 whip (weapon)
Armour
 a - a +0 scale mail (worn)
 b - a +0 buckler (worn)
 g - a +0 cloak
Potions
 c - a potion of might
 e - a potion of degeneration {unknown}
 f - 2 potions of curing {unknown}


   Skills:
 - Level 2.6 Fighting
 - Level 2.6 Armour
 + Level 3.3 Shields
 * Level 3.2 Unarmed Combat


You had 2 spell levels left.
You didn't know any spells.
Your spell library contained the following spells:

 Spells                   Type           Power      Damage    Failure   Level
 Beastly Appendage        Tmut           0%         N/A       77%         1
 Wereblood                Tmut           0%         N/A       88%         2
 Spider Form              Tmut/Pois      0%         N/A       98%         3


Dungeon Overview and Level Annotations

Branches:
Dungeon (2/15)

Shops:
D:2 [


Innate Abilities, Weirdness & Mutations

You have an increased reservoir of magic. (+10% MP)
You shall have no god before yourself.
Your divine heritage dramatically boosts your attributes as you level up.


Message History

The adder is severely wounded.
You block the adder's attack.
Your rat bites the adder.
Your hobgoblin hits the adder.
The adder dies!
The adder closely misses you.
Your rat bites the rat.
The rat dies!
You swap places.
Something bites your hobgoblin.
Your hobgoblin is poisoned.
Something poisons your hobgoblin!
You see here an adder corpse.
Your hobgoblin dies!
Your hobgoblin's corpse dissolves into shadows!
There is a stone staircase leading up here.
The adder bites you.
* * * LOW HITPOINT WARNING * * *
You are poisoned.
The adder poisons you!
Your rat bites the adder but does no damage.
You climb upwards.
Your summoned ally is left behind.
You feel sick.
There is a stone staircase leading down here.
Unknown command.
You barely miss the adder.
You feel sick. The adder closely misses you.
You closely miss the adder.
You feel sick.
You are no longer poisoned.
You block the adder's attack. The adder bites you but does no damage.
You barely miss the adder. The adder closely misses you.
You miss the adder. The adder bites you but does no damage.
The adder barely misses you.
You hit the adder.
The adder is lightly wounded.
You block the adder's attack.
You closely miss the adder.
The adder is lightly wounded.
The adder closely misses you.
You closely miss the adder.
The adder is lightly wounded.
The adder bites you.
* * * LOW HITPOINT WARNING * * *
The adder bites you.
You die...

#...........##########.###
#.#.#####.................
#.#.#####.....########.###
#.#....................#
#.............########.###
#.#.#####.##.## #.#..
#.#.# #.##.# #.#..
#.#.#####S##.#########.#..
#........@................
#.#.########.#########.#..
#.#.# ######.#########.#..
#.#.# #.............##.#..
#.#.###.####........##....
#............######.#####.
###.###.###### ####.#####.
#.# #.# #........#. #.#
#.# #..........


You could see an adder.

Vanquished Creatures
  A gnoll (D:1)
  4 ball pythons (D:1)
  An endoplasm (D:1)
  A giant cockroach (D:1)
  2 hobgoblins (D:1)
  7 jackals (D:1)
  A kobold (D:1)
  3 quokkas (D:1)
  4 bats (D:1)
  4 frilled lizards (D:1)
  3 goblins (D:1)
  2 rats (D:1)
33 creatures vanquished.

Vanquished Creatures (collateral kills)
  An adder (D:2)
  A hobgoblin (D:2)
  A ball python (D:2)
  2 rats (D:2)
5 creatures vanquished.

Vanquished Creatures (others)
  2 plants (D:2)
  3 withered plants (D:2)
5 creatures vanquished.

Grand Total: 43 creatures vanquished

Notes
Turn   | Place    | Note
-------+----------+-------------------------------------------
     0 | D:1      | pkoi the Demigod Fighter began the quest for the Orb.
     0 | D:1      | Reached XP level 1. HP: 18/18 MP: 3/3
   312 | D:1      | Reached XP level 2. HP: 24/25 MP: 4/4
   781 | D:1      | Reached XP level 3. HP: 23/30 MP: 5/5
  1690 | D:2      | Found Vaciag's Armour Boutique.
  1732 | D:1      | Slain by an adder

Illustrated notes

Levels and vault maps discovered:
D:1:      minmay_arrival_checkered_box, layout_basic, minmay_hexomino_r4
D:2:      layout_rooms, shapermc_ecumenical_altar_flowoftime, serial_shops,
          shop, st_stairs_13

Skill      XL: |  1  2  3 |
---------------+----------+-----
Unarmed Combat | 2 3 |  3.2
Shields        | 3 |  3.3
Fighting       | |  2.6
Armour         | |  2.6

Action                   || total
-------------------------++-------
Melee: Unarmed           ||     9
       Whip              ||   147
  Use: Scroll            ||     1
Armor: Scale mail        ||    96
Dodge: Dodged            ||    95
Block: Buckler           ||    51
